 Dungeon Crawl Stone Soup version 0.19-a0-1738-gbb2db12 (webtiles) character file.

2884 Naow the Severer (level 9, -1/71 HPs)
             Began as a Minotaur Berserker on Oct 1, 2016.
             Was an Elder of Trog.
             Slain by a killer bee (7 damage)
             ... on level 8 of the Dungeon.
             The game lasted 00:12:10 (6434 turns).

Naow the Severer (Minotaur Berserker)               Turns: 6434, Time: 00:12:10

Health: -1/71      AC:  7    Str: 22    XL:     9   Next: 48%
Magic:  8/8        EV:  6    Int: 10    God:    Trog [****..]
Gold:   446        SH: 11    Dex: 10    Spells: 0 memorised, 8 levels left

rFire  + + +     SeeInvis .     a - +0 hand axe
rCold  . . .     Gourm    .     r - +0 ring mail
rNeg   . . .     Faith    .     F - +0 large shield (curse)
rPois  .         Spirit   .     (helmet restricted)
rElec  .         Dismiss  .     n - +0 cloak
rCorr  .         Reflect  .     x - +0 pair of gloves
MR     ++...     Harm     .     (no boots)
Stlth  ..........               w - amulet of Zaliazem {rF+++ Regen+ Str-2 Int+3}
                                H - ring of flight
                                e - +2 ring of strength

@: exhausted, starving, regenerating, slowed, very slow
A: retaliatory headbutt, horns 2
a: Berserk, Trog's Hand, Brothers in Arms, Burn Spellbooks, Renounce Religion,
Evoke Flight


You were on level 8 of the Dungeon.
You worshipped Trog.
Trog was greatly pleased with you.
You were starving.

You visited 1 branch of the dungeon, and saw 8 of its levels.

You collected 446 gold pieces.

Inventory:

Hand Weapons
 a - a +0 hand axe (weapon)
 y - a +2 morningstar of crushing
Armour
 b - a +0 animal skin
 n - a +0 cloak (worn)
 r - a +0 ring mail (worn)
 x - a +0 pair of gloves (worn)
 F - a cursed +0 large shield (worn)
Jewellery
 e - a +2 ring of strength (left hand)
 w - the amulet of Zaliazem (around neck) {rF+++ Regen+ Str-2 Int+3}
   (You found it on level 4 of the Dungeon)

   [amulet of regeneration]

   It affects your strength (-2).
   It affects your intelligence (+3).
   It renders you almost immune to fire.
   It increases your rate of regeneration.
 C - an uncursed amulet of harm {unknown}
 H - a ring of flight (right hand)
 N - a cursed amulet of inaccuracy {unknown}
Wands
 J - a wand of iceblast (10/15)
 K - a wand of acid (11/15)
 L - a wand of polymorph (11/24)
 M - a wand of acid (1/15)
Scrolls
 d - 8 scrolls of identify {unknown}
 f - 3 scrolls of remove curse {unknown}
 k - a scroll of fog {unknown}
 l - 3 scrolls of teleportation {unknown}
 t - 2 scrolls of random uselessness {unknown}
 u - a scroll of noise {unknown}
 B - a scroll of magic mapping {unknown}
 E - a scroll of fear {unknown}
 G - a scroll of recharging {unknown}
 I - a scroll of enchant weapon {unknown}
Potions
 h - a potion of haste {unknown}
 i - a potion of cure mutation
 m - a potion of agility {unknown}
 o - 2 potions of berserk rage {unknown}
 p - a potion of cancellation {unknown}
 q - a potion of ambrosia {unknown}
 v - 2 potions of lignification {unknown}
 z - 2 potions of brilliance {unknown}
 D - a potion of magic {unknown}
Books
 P - a book of Necromancy

   Spells                             Type                      Level
   a - Pain                           Necromancy                   1
   b - Animate Skeleton               Necromancy                   1
   c - Vampiric Draining              Necromancy                   3
   d - Regeneration                   Charms/Necromancy            3
   e - Animate Dead                   Necromancy                   4
   f - Control Undead                 Necromancy                   4
   Trog disapproves of the use of such an item.
Comestibles
 c - 4 bread rations
 g - 3 meat rations
 s - a slice of pizza
 A - 5 beef jerkies
 O - 3 chunks of flesh


   Skills:
 - Level 3.7 Fighting
 + Level 15.0 Axes
 - Level 2.8 Armour
 - Level 2.3 Dodging


You had 8 spell levels left.
You didn't know any spells.

Dungeon Overview and Level Annotations

Branches:
Dungeon (8/15)             Temple (0/1) D:5
   Lair: D:8-11

Altars:
Nemelex Xobeh
Trog
The Shining One

Shops:
D:4 [   D:8 :


Innate Abilities, Weirdness & Mutations

You reflexively headbutt those who attack you in melee.
You have a pair of horns on your head.


Message History

It was a potion of curing.
You feel better. You block the killer bee's attack.
The killer bee stings you but does no damage.
The killer bee stings you.
* * * LOW HITPOINT WARNING * * *
You miss the killer bee. Your headbutt misses the killer bee.
The killer bee is almost dead.
The killer bee stings you.
* * * LOW HITPOINT WARNING * * *
The killer bee stings you.
* * * LOW HITPOINT WARNING * * *
You block the killer bee's attack.
You feel better. You block the killer bee's attack. The killer bee stings you.
* * * LOW HITPOINT WARNING * * *
The killer bee stings you but does no damage.
You are starving!
You closely miss the killer bee.
The killer bee is almost dead.
The killer bee stings you but does no damage.
The killer bee stings you!
You die...

############
#.y@().....#
#.########.#
.. #.# ...
#.# ... #.#
'# #.# #.# #
####.# #
#....# #


You could see a killer bee.

Vanquished Creatures
  A wyvern (D:8)
  A hungry ghost (D:7)
  An orc warrior (D:8)
  2 black bears (D:7)
  A sky beast (D:5)
  5 ogres
  A centaur (D:5)
  2 big kobolds
  5 bullfrogs
  2 scorpions (D:5)
  2 killer bees (D:8)
  4 wights (D:7)
  2 jellies
  4 crimson imps
  4 orc priests
  3 centaur skeletons
  2 iguanas (D:4)
  2 orc wizards
  7 worker ants
  A hound zombie (D:7)
  4 gnolls (D:6)
  6 adders
  A shadow imp (D:5)
  An adder skeleton (D:4)
  A worm (D:2)
  2 dart slugs
  4 leopard geckos
  16 orcs
  4 ball pythons
  2 giant cockroaches
  9 goblins
  8 hobgoblins
  10 jackals
  14 kobolds
  6 quokkas
  7 bats
  4 frilled lizards
  2 jackal skeletons (D:5)
  2 jackal zombies
  A quokka zombie (D:7)
  8 rats
164 creatures vanquished.

Notes
Turn   | Place    | Note
-------+----------+-------------------------------------------
     0 | D:1      | Naow the Minotaur Berserker began the quest for the Orb.
     0 | D:1      | Reached XP level 1. HP: 19/19 MP: 0/0
    35 | D:1      | Reached XP level 2. HP: 12/27 MP: 1/1
   269 | D:1      | Reached skill level 4 in Axes
   660 | D:1      | Reached XP level 3. HP: 33/33 MP: 2/2
   977 | D:1      | Reached ** piety under Trog
  1184 | D:1      | Reached skill level 5 in Axes
  2360 | D:3      | Reached XP level 4. HP: 39/40 MP: 3/3
  2523 | D:3      | Reached skill level 6 in Axes
  2638 | D:4      | Found Fudaucs's Armour Shoppe.
  2640 | D:4      | Got a faintly glowing platinum amulet
  2746 | D:4      | Noticed an ogre
  2752 | D:4      | Killed an ogre
  2752 | D:4      | Reached skill level 7 in Axes
  2752 | D:4      | Reached XP level 5. HP: 45/46 MP: 4/4
  2827 | D:4      | Reached skill level 8 in Axes
  2827 | D:4      | Reached XP level 6. HP: 42/52 MP: 5/5
  2988 | D:4      | Reached *** piety under Trog
  3220 | D:4      | Noticed a moth of wrath
  3222 | D:4      | Found a bloodstained altar of Trog.
  3637 | D:5      | Entered Level 5 of the Dungeon
  3648 | D:5      | Reached skill level 9 in Axes
  3732 | D:5      | Reached XP level 7. HP: 29/58 MP: 6/6
  3941 | D:5      | Found a glowing golden altar of the Shining One.
  3954 | D:5      | Reached skill level 10 in Axes
  4095 | D:5      | Identified the amulet of Zaliazem {rF+++ Regen+ Str-2 Int+3} (You found it on level 4 of the Dungeon)
  4180 | D:5      | Reached **** piety under Trog
  4180 | D:5      | Reached skill level 11 in Axes
  4199 | D:5      | Reached XP level 8. HP: 22/66 MP: 7/7
  4463 | D:5      | Found a staircase to the Ecumenical Temple.
  4641 | D:6      | Reached skill level 12 in Axes
  5192 | D:6      | Found a sparkling altar of Nemelex Xobeh.
  5383 | D:7      | Reached skill level 13 in Axes
  5720 | D:7      | Reached XP level 9. HP: 71/71 MP: 8/8
  5858 | D:7      | Reached skill level 14 in Axes
  6331 | D:8      | Found Ameq's Book Emporium.
  6406 | D:8      | Reached skill level 15 in Axes
  6429 | D:8      | HP: 3/71 [killer bee (7)]
  6432 | D:8      | HP: 1/71 [killer bee (4)]
  6434 | D:8      | Slain by a killer bee

Vault maps used:
D:1:      erik_arrival_cave_to_civilisation
D:2:      first_bread
D:4:      tgw_trog, serial_shops, shop
D:5:      minmay_ruined_shrine
D:6:      nemelex_lonely_heart_becter
D:8:      serial_shops, shop_statue, special_room, eino_jars

Skill      XL: |  1  2  3  4  5  6  7  8  9 |
---------------+----------------------------+-----
Axes           | 4 5 7 8 9 11 13 15 | 15.0
Fighting       | |  3.7
Armour         | |  2.8
Dodging        | |  2.3

Action                   |  1- 3 |  4- 6 |  7- 9 || total
-------------------------+-------+-------+-------++-------
Melee: Hand axe          |   103 |   122 |   315 ||   540
       Headbutt          |    16 |    21 |    48 ||    85
Invok: Berserk           |       |     4 |     5 ||     9
       Trog's Hand       |       |       |     3 ||     3
  Use: Potion            |       |       |     3 ||     3
 Stab: Sleeping          |     1 |       |       ||     1
  Eat: Chunk             |     4 |     9 |    14 ||    27
       Pizza             |       |       |     1 ||     1
Armor: Animal skin       |    19 |       |       ||    19
       Ring mail         |    10 |    32 |    68 ||   110
Dodge: Dodged            |    61 |    66 |    82 ||   209
Block: Large shield      |       |       |   105 ||   105
